 Dungeon Crawl Stone Soup version bcrawl-1.40.3b (webtiles) character file.

Game seed: 7972747022445628613

327153 Mehrunes the Cruncher (level 11, -4/84 HPs)
             Began as a High Elf Skald on Dec 4, 2023.
             Was a Priest of Nemelex Xobeh.
             Killed by a card of wild magic (31 damage)
             ... on level 2 of the Lair of Beasts.
             The game lasted 00:43:59 (12604 turns).

Mehrunes the Cruncher (High Elf Skald)             Turns: 12604, Time: 00:44:00

Health: -4/84      AC:  9    Str: 13    XL:     11   Next: 60%
Magic:  12/17      EV: 18    Int: 17    God:    Nemelex Xobeh [***...]
Gold:   638        SH:  0    Dex: 19    Spells: 5/14 levels left

rFire    . . .     GDR:     36% F - +0 quarterstaff (freeze)
rCold    . . .     SeeInvis .   (shield currently unavailable)
rNeg     . . .     Gourm    .   D - +0 troll leather armour
rPois    .         Faith    .   (no helmet)
rElec    .         Spirit   .   G - +1 cloak
rCorr    .         Reflect  .   (no gloves)
MR       +....                  C - +0 pair of boots
Stlth    +.........             d - amulet of magic regeneration
HPRegen  0.64/turn              (no ring)
MPRegen  0.39/turn              (no ring)

@: infused
A: obsessive focus, MP-powered wands
a: Draw Escape, Draw Destruction, Draw Summoning, Triple Draw, Renounce Religion


You were on level 2 of the Lair of Beasts.
You worshipped Nemelex Xobeh.
Nemelex Xobeh was most pleased with you.
You were hungry.

You visited 3 branches of the dungeon, and saw 12 of its levels.

You collected 638 gold pieces.

Inventory:

Hand Weapons
 F - a +0 quarterstaff of freezing (weapon)
Missiles
 b - 37 exploding tomahawks (quivered)
 n - 2 throwing nets {=f}
Armour
 C - a +0 pair of boots (worn)
 D - a +0 troll leather armour (worn)
 G - a +1 cloak (worn)
Jewellery
 d - an amulet of magic regeneration (around neck)
 k - an uncursed amulet of faith {unknown}
 E - the cursed ring of Insomnia {Ice rPois}
   (You took it off Fannar on level 1 of the Lair of Beasts)

   [ring of ice]

   It enhances your ice magic.
   It makes you vulnerable to fire.
   It protects you from cold.
   It protects you from poison.
   It has a curse placed upon it.
Wands
 r - a wand of charming (8)
 u - a wand of random effects (35)
 w - a wand of acid (1)
 x - a wand of flame (62)
 J - a wand of clouds (5)
 K - a wand of iceblast (9)
Scrolls
 a - a scroll of enchant weapon
 f - 2 scrolls of fear
 g - 2 scrolls of noise
 i - a scroll of immolation
 j - 6 scrolls of remove curse
 y - 2 scrolls of teleportation
 A - a scroll of revelation
 B - 3 scrolls of amnesia
Potions
 c - 2 potions of ambrosia {unknown}
 h - a potion of cancellation {unknown}
 l - 3 potions of invisibility {unknown}
 m - 3 potions of heal wounds {unknown}
 o - 3 potions of curing {unknown}
 p - a potion of flight {unknown}
 q - 6 potions of lignification {unknown}
 s - 2 potions of haste {unknown}
 t - 2 potions of magic {unknown}
 v - 5 potions of degeneration {unknown}
 z - 2 potions of mutation {unknown}
 H - a potion of berserk rage {unknown}
Comestibles
 e - 19 rations {!d}


   Skills:
 + Level 7.4 Fighting
 * Level 12.2 Staves
 - Level 8.0 Armour
 - Level 8.0 Dodging
 - Level 2.4 Spellcasting
 - Level 8.0 Charms
 + Level 7.6 Invocations


You had 5 spell levels left.
You knew the following spells:

 Your Spells              Type           Power        Failure   Level  Hunger
a - Infusion              Chrm           ####....     1%          1    None
b - Song of Slaying       Chrm           ####....     1%          2    ##.....
c - Spectral Weapon       Hex/Chrm       ###.....     13%         3    ####...
d - Regeneration          Chrm/Necr      ###.......   13%         3    ####...

Your spell library contained the following spells:

 Spells                   Type           Power        Failure   Level  Hunger
 Swiftness                Chrm/Air       ###.....     7%          2    ##.....
 Ozocubu's Armour         Chrm/Ice       ###.....     13%         3    ####...


Dungeon Overview and Level Annotations

Branches:
Dungeon (9/12)             Temple (1/1) D:4            Lair (2/6) D:7
  Swamp: Lair:2-4    Shoals: Lair:2-4     Snake: Lair:2-4    Spider: Lair:2-4
    Orc: D:8-11

Altars:
Ashenzari
Cheibriados
Dithmenos
Elyvilon
Fedhas
Gozag
Hepliaklqana
Kikubaaqudgha
Lugonu
Makhleb
Nemelex Xobeh
Okawaru
Qazlal
Ru
Sif Muna
Trog
Uskayaw
Vehumet
Wu Jian
Xom
Yredelemnul
Zin
The Shining One

Shops:
D:4 !   D:7 %

Annotations:
D:4 1 runed door


Innate Abilities, Weirdness & Mutations

You can't train low skills.
You expend magic power (3 MP) to strengthen your wands.


Message History

The demonic crawler closely misses you. The demonic crawler hits you!
You hit the demonic crawler. You freeze the demonic crawler.
The demonic crawler is severely wounded.
The demonic crawler closely misses you. The demonic crawler hits you!
The demonic crawler misses you.
You draw a card...
You have drawn the Cloud.
Will you play it? Clouds appear around you!
A scorpion comes into view.
The demonic crawler closely misses you. The demonic crawler misses you.
The demonic crawler hits you.
You draw a card...
You have drawn Wild Magic.
Will you play it?
There is a sudden and violent explosion of flames!
The fireball engulfs the demonic crawler!
The demonic crawler resists.
The demonic crawler is almost dead.
The fireball engulfs you!!
You die...
Your body glows slightly and disappears.

#....#.##
#...##..#
##..##.##
##.P##<.#
#..###....#
##..####.##
##.## .#
#..## .#
#.@.# .
#.s#...!#.
##w...###
##......#
#P..s#s
#.....
..#.. #. #
##


You could see a demonic crawler, a worm and a scorpion.

Vanquished Creatures
  Fannar (Lair:1)
  Nergalle (Lair:1)
  A dryad (D:7)
  2 trolls (D:7)
  A hornet (D:8)
  Sigmund (D:3)
  2 hippogriffs (Lair:1)
  9 yaks
  3 basilisks
  A black mamba skeleton (D:9)
  2 hungry ghosts (D:7)
  2 vampire mosquitoes (D:9)
  3 crocodiles (Lair:1)
  A porcupine (Lair:1)
  2 water moccasins
  2 ice beasts
  2 slaves
  Duvessa (D:6)
  A soldier ant (D:8)
  4 sky beasts
  An orc warrior (D:8)
  A black bear (D:6)
  A necrophage (D:8)
  5 ogres
  A phantom (D:6)
  2 bullfrogs
  2 kobold brigands
  A water moccasin zombie (D:9)
  Dowan (D:6)
  3 centaurs
  A wyvern skeleton (D:8)
  7 killer bees
  A statue (D:7)
  13 wights
  2 orc priests
  A bullfrog zombie (D:6)
  9 howler monkeys
  3 crimson imps
  3 hounds
  3 jellies
  2 bullfrog skeletons (D:3)
  A gnoll shaman (D:6)
  3 iguanas
  5 worker ants
  A killer bee zombie (D:9)
  3 hound skeletons
  2 mummies (D:8)
  A howler monkey zombie (D:8)
  A worker ant zombie (D:5)
  9 gnolls
  9 adders
  A shadow imp (D:8)
  4 oozes
  An adder zombie (D:5)
  2 adder skeletons
  3 worms
  4 dart slugs
  6 leopard geckos
  12 orcs
  6 bats
  3 giant cockroaches
  7 goblins
  14 hobgoblins
  3 jackals (D:4)
  4 quokkas
  7 frilled lizards
  A jackal skeleton (D:4)
  17 kobolds
  2 quokka skeletons (D:5)
  6 rats (D:1)
  A butterfly (Lair:1)
244 creatures vanquished.

Vanquished Creatures (collateral kills)
  Pikel (D:5)
  Joseph (D:7)
  An elephant (D:7)
  A troll (D:7)
  A hippogriff (D:6)
  A sky beast (D:6)
  2 ice beasts (D:6)
  An ogre (D:6)
  3 killer bees (D:7)
  A bullfrog (D:6)
  2 hounds
  A gnoll shaman (D:7)
  A hound zombie (D:6)
  3 gnolls (D:7)
  An orc (D:6)
  A ball python (D:6)
22 creatures vanquished.

Vanquished Creatures (others)
  A killer bee (D:7)
  A worker ant (D:4)
  A frilled lizard (D:5)
  A plant (Lair:1)
  A spectral weapon (Lair:2)
5 creatures vanquished.

Grand Total: 271 creatures vanquished

Notes
Turn   | Place    | Note
-------+----------+-------------------------------------------
     0 | D:1      | Mehrunes the High Elf Skald began the quest for the Orb.
     0 | D:1      | Reached XP level 1. HP: 16/16 MP: 4/4
   192 | D:1      | Reached XP level 2. HP: 16/22 MP: 6/6
   685 | D:1      | Reached skill level 3 in Staves
   861 | D:1      | Reached XP level 3. HP: 20/27 MP: 4/7
  1101 | D:2      | Learned a level 2 spell: Song of Slaying
  1105 | D:2      | Learned a level 3 spell: Spectral Weapon
  1330 | D:2      | Reached XP level 4. HP: 34/34 MP: 5/8
  1818 | D:3      | Found a hide-covered altar of Uskayaw.
  1992 | D:3      | Noticed an ogre
  1997 | D:3      | Killed an ogre
  1998 | D:3      | Reached skill level 4 in Staves
  1998 | D:3      | Reached XP level 5. HP: 17/39 MP: 7/9
  2316 | D:3      | Noticed Sigmund
  2319 | D:3      | Killed Sigmund
  2320 | D:3      | Reached XP level 6. HP: 32/46 MP: 10/10
  2377 | D:3      | Found a shattered altar of Ashenzari.
  2436 | D:3      | Reached skill level 5 in Staves
  3036 | D:4      | Reached XP level 7. HP: 52/52 MP: 11/11
  3368 | D:4      | Reached skill level 6 in Staves
  3896 | D:4      | Found a staircase to the Ecumenical Temple.
  3906 | Temple   | Entered the Ecumenical Temple
  4158 | Temple   | Became a worshipper of Nemelex Xobeh the Trickster
  4342 | D:4      | Found a runed door.
  4429 | D:4      | Received a gift from Nemelex Xobeh
  4470 | D:4      | Found Ereatysy's Distillery.
  4573 | D:5      | Entered Level 5 of the Dungeon
  4593 | D:5      | Reached XP level 8. HP: 39/60 MP: 7/12
  4712 | D:5      | Noticed Pikel
  4932 | D:5      | Reached skill level 1 in Invocations
  5041 | D:5      | Reached skill level 5 in Dodging
  5121 | D:5      | Killed Pikel
  5122 | D:5      | Reached skill level 7 in Staves
  5122 | D:5      | Reached skill level 5 in Armour
  5122 | D:5      | Reached skill level 5 in Charms
  5629 | D:5      | Found a shadowy altar of Dithmenos.
  5946 | D:6      | Reached * piety under Nemelex Xobeh
  5946 | D:6      | Received a gift from Nemelex Xobeh
  5947 | D:6      | Noticed an orange demon
  5950 | D:6      | Noticed a hippogriff
  5979 | D:6      | Killed a hippogriff
  5991 | D:6      | Reached skill level 8 in Staves
  5991 | D:6      | Reached XP level 9. HP: 50/66 MP: 11/13
  6743 | D:6      | Reached skill level 5 in Fighting
  6760 | D:6      | Noticed Duvessa
  6770 | D:6      | Killed Duvessa
  6771 | D:6      | Noticed Dowan
  6773 | D:6      | Killed Dowan
  6825 | D:6      | Received a gift from Nemelex Xobeh
  7161 | D:7      | Noticed a troll
  7377 | D:7      | Noticed Joseph
  7387 | D:7      | Reached skill level 9 in Staves
  7594 | D:7      | Noticed a troll
  7596 | D:7      | Killed a troll
  7610 | D:7      | Killed Joseph
  7647 | D:7      | Noticed an elephant
  7659 | D:7      | Killed an elephant
  7660 | D:7      | Reached XP level 10. HP: 71/76 MP: 14/14
  7742 | D:7      | Reached skill level 5 in Invocations
  7986 | D:7      | Found a snail-covered altar of Cheibriados.
  8040 | D:7      | Reached skill level 10 in Staves
  8126 | D:7      | Found a staircase to the Lair.
  8177 | D:7      | Reached ** piety under Nemelex Xobeh
  8431 | D:7      | Found Zuqeud's Food Emporium.
  8558 | D:7      | Found a sacrificial altar of Ru.
  8877 | D:7      | Found a sacrificial altar of Ru.
  9089 | D:7      | Found a snail-covered altar of Cheibriados.
  9209 | D:7      | Found Zuqeud's Food Emporium.
  9969 | D:8      | Reached skill level 11 in Staves
 10071 | D:8      | Reached XP level 11. HP: 71/83 MP: 9/16
 10195 | D:8      | Found a bloodstained altar of Trog.
 10239 | D:8      | Received a gift from Nemelex Xobeh
 10895 | D:9      | Noticed a two-headed ogre
 11337 | Lair:1   | Entered Level 1 of the Lair of Beasts
 11473 | Lair:1   | Identified the cursed ring of Insomnia {Ice rPois}
 11473 | Lair:1   | Noticed Fannar
 11799 | Lair:1   | Killed Fannar
 11945 | Lair:1   | Reached *** piety under Nemelex Xobeh
 12107 | Lair:1   | Reached skill level 12 in Staves
 12366 | Lair:1   | Noticed Nergalle
 12382 | Lair:1   | Killed Nergalle
 12572 | Lair:1   | Learned a level 3 spell: Regeneration
 12604 | Lair:2   | Killed by a card of wild magic

Skill      XL: |  1  2  3  4  5  6  7  8  9 10 11 |
---------------+----------------------------------+-----
Staves         | 3 4 5 6 8 9 11 12 | 12.2
Armour         | 2 3 4 5 6 7 8 |  8.0
Dodging        | 3 4 5 6 7 8 |  8.0
Fighting       | 3 4 5 6 7 |  7.4
Charms         | 4 5 6 7 8 |  8.0
Invocations    | 3 4 6 7 |  7.6
Spellcasting   | |  2.4

Action                   |  1- 3 |  4- 6 |  7- 9 | 10-12 || total
-------------------------+-------+-------+-------+-------++-------
Melee: Quarterstaff      |   125 |    88 |   191 |   387 ||   791
Throw: Tomahawk          |       |    10 |    11 |    20 ||    41
 Cast: Infusion          |    17 |    17 |    39 |    56 ||   129
       Spectral Weapon   |       |       |     1 |    27 ||    28
       Song of Slaying   |       |       |       |     7 ||     7
 Abil: Draw Summoning    |       |       |     7 |     1 ||     8
       Draw Destruction  |       |       |     4 |    12 ||    16
       Draw Escape       |       |       |     2 |       ||     2
Evoke: Wand              |       |       |     7 |       ||     7
  Use: Scroll            |       |     1 |     6 |     7 ||    14
 Stab: Confused          |       |       |     1 |       ||     1
       Distracted        |       |       |       |     1 ||     1
  Eat: Chunk             |     6 |     8 |    17 |    30 ||    61
       Ration            |       |       |     1 |     1 ||     2
Armor: Leather armour    |    26 |       |       |       ||    26
       Ring mail         |    21 |    23 |    62 |    13 ||   119
       Troll leather arm |       |       |       |    46 ||    46
Dodge: Dodged            |    80 |    49 |   120 |   240 ||   489
Block: Other             |       |       |       |    18 ||    18
